 Dungeon Crawl Stone Soup version 0.20.0-9-g8272e65 (webtiles) character file.

377 Darkell the Chiller (level 6, -2/41 HPs)
             Began as a Demonspawn Ice Elementalist on June 3, 2017.
             Slain by a gnoll
             ... wielding a cursed +0 halberd
              (18 damage)
             ... on level 5 of the Dungeon.
             The game lasted 00:05:03 (3650 turns).

Darkell the Chiller (Demonspawn Ice Elementalist)   Turns: 3650, Time: 00:05:03

Health: -2/41      AC:  2    Str:  8    XL:     6   Next: 45%
Magic:  10/10      EV: 13    Int: 19    God:
Gold:   98         SH:  0    Dex: 19    Spells: 9/10 levels left

rFire    . . .     SeeInvis .   n - +2 dagger (elec)
rCold    . . .     Gourm    .   (no shield)
rNeg     . . .     Faith    .   a - +0 robe
rPois    .         Spirit   .   (helmet restricted)
rElec    .         Reflect  .   (no cloak)
rCorr    .         Harm     .   (no gloves)
MR       .....                  (no boots)
Stlth    ++++......             o - amulet of rage
Regen    0.2/turn               (no ring)
MPRegen  0.2/turn               (no ring)

@: no status effects
A: horns 1, thin skeletal structure 3
a: Evoke Berserk Rage


You were on level 5 of the Dungeon.
You were hungry.

You visited 1 branch of the dungeon, and saw 5 of its levels.

You collected 98 gold pieces.

Inventory:

Hand Weapons
 g - a +0 dagger
 n - a +2 dagger of electrocution (weapon)
Armour
 a - a +0 robe (worn)
 j - a +2 helmet
Jewellery
 o - an amulet of rage (around neck)
 r - an uncursed ring of protection from cold {unknown}
Scrolls
 d - 5 scrolls of identify {unknown}
 f - 2 scrolls of amnesia {unknown}
 l - a scroll of recharging {unknown}
 m - 3 scrolls of remove curse {unknown}
 p - a scroll of blinking {unknown}
 q - a scroll of enchant armour {unknown}
 t - a scroll of teleportation {unknown}
Potions
 e - 2 potions of agility
 i - 2 potions of curing {unknown}
 k - 2 potions of lignification {unknown}
Books
 b - a book of Frost

   Spells                             Type                      Level
   a - Freeze                         Ice                          1
   b - Throw Frost                    Conjuration/Ice              2
   c - Ozocubu's Armour               Charms/Ice                   3
   d - Throw Icicle                   Conjuration/Ice              4
   e - Summon Ice Beast               Ice/Summoning                4
Comestibles
 c - 4 bread rations
 h - 2 meat rations


   Skills:
 + Level 2.5 Dodging
 - Level 1.7 Stealth
 + Level 2.7 Spellcasting
   Level 1.0 Conjurations
 - Level 6.1 Ice Magic


You had 9 spell levels left.
You knew the following spells:

 Your Spells              Type           Power        Failure   Level  Hunger
a - Freeze                Ice            ####         1%          1    None


Dungeon Overview and Level Annotations

Branches:
Dungeon (5/15)
 Temple: D:4-7

Altars:
Cheibriados
Ru
Vehumet

Annotations:
D:3 Grinder
D:4 Darkell's ghost, amateur DsIE


Innate Abilities, Weirdness & Mutations

You have a pair of small horns on your head.
You have an unnaturally thin skeletal structure. (Dex +6, Stealth++)


Message History

Darkell's ghost opens the door.
You close the door.
Darkell's ghost opens the door.
You close the door.
Darkell's ghost opens the door.
You close the door.
Darkell's ghost opens the door.
You close the door.
Darkell's ghost opens the door.
You close the door.
Darkell's ghost opens the door.
You close the door.
Darkell's ghost opens the door.
There's a creature in the doorway!
There's a creature in the doorway!
There's a creature in the doorway!
There's a creature in the doorway!
There's a creature in the doorway!
There's a creature in the doorway!
There's a creature in the doorway!
There's a creature in the doorway!
There's a creature in the doorway!
There's a creature in the doorway!
There is a stone staircase leading down here.
You climb downwards.
The gnoll hits you with a halberd!!
You die...

............##...#..#...#
............######..##.##
............# #..#...
h...........#### #..#####
#........# #......#
#........####...#.#
#(.......(gg....#.#
#........#####..#.#
.#####.##@g.g..#.#
#.#######.#.# #.# #.#.#
#g# #.#.# #.# #.#.# #.#
#.# #.### #.# #...#####g#
###.#.g.g.#


You could see 2 gnolls.

Vanquished Creatures
  An ogre (D:5)
  A howler monkey (D:4)
  A hound (D:5)
  An orc wizard (D:2)
  Terence (D:2)
  3 adders
  A gnoll (D:5)
  A shadow imp (D:5)
  2 oozes
  3 worms (D:2)
  4 dart slugs
  7 orcs
  3 ball pythons
  9 bats
  A giant cockroach (D:5)
  11 goblins
  5 hobgoblins
  14 jackals
  7 kobolds
  4 quokkas
  5 frilled lizards
  A jackal skeleton (D:4)
  13 rats
99 creatures vanquished.

Notes
Turn   | Place    | Note
-------+----------+-------------------------------------------
     0 | D:1      | Darkell the Demonspawn Ice Elementalist began the quest for the Orb.
     0 | D:1      | Reached XP level 1. HP: 13/13 MP: 3/3
   104 | D:1      | Reached skill level 3 in Ice Magic
   131 | D:1      | Gained mutation: You have a somewhat thin skeletal structure. (Dex +2, Stealth) [demonic ancestry]
   131 | D:1      | Reached XP level 2. HP: 12/19 MP: 0/5
   777 | D:1      | Gained mutation: You have a moderately thin skeletal structure. (Dex +4, Stealth+) [demonic ancestry]
   777 | D:1      | Reached XP level 3. HP: 12/24 MP: 2/6
  1140 | D:1      | Found a snail-covered altar of Cheibriados.
  1199 | D:1      | Reached skill level 4 in Ice Magic
  1603 | D:2      | Gained mutation: You have a pair of small horns on your head. [demonic ancestry]
  1603 | D:2      | Reached XP level 4. HP: 30/30 MP: 1/7
  1758 | D:2      | Found a sacrificial altar of Ru.
  1768 | D:2      | Reached skill level 5 in Ice Magic
  2047 | D:2      | Found a radiant altar of Vehumet.
  2139 | D:2      | Noticed Terence
  2161 | D:2      | Killed Terence
  2161 | D:2      | Gained mutation: You have an unnaturally thin skeletal structure. (Dex +6, Stealth++) [demonic ancestry]
  2161 | D:2      | Reached XP level 5. HP: 28/35 MP: 2/8
  2707 | D:3      | Noticed Grinder
  2756 | D:4      | Reached skill level 6 in Ice Magic
  3123 | D:4      | Noticed Darkell's ghost (amateur DsIE)
  3142 | D:5      | Entered Level 5 of the Dungeon
  3492 | D:5      | Noticed an ogre
  3516 | D:5      | Killed an ogre
  3516 | D:5      | Reached XP level 6. HP: 41/41 MP: 2/9
  3650 | D:5      | Slain by a gnoll

Skill      XL: |  1  2  3  4  5 |
---------------+----------------+-----
Ice Magic      | 3 4 5 6 |  6.1
Dodging        | 2 |  2.5
Stealth        | |  1.7
Spellcasting   | |  2.7
Conjurations   | |  1.0

Action                   |  1- 3 |  4- 6 || total
-------------------------+-------+-------++-------
Melee: Unarmed           |    31 |       ||    31
       Dagger            |     6 |    48 ||    54
       Headbutt          |       |     6 ||     6
 Cast: Freeze            |    81 |    81 ||   162
  Use: Potion            |     2 |       ||     2
 Stab: Sleeping          |     2 |     2 ||     4
  Eat: Chunk             |     3 |     7 ||    10
Armor: Robe              |    28 |    13 ||    41
Dodge: Dodged            |    76 |    78 ||   154
